Map: Curious Minds LE

Players

Liquidthermy (uThermal) - Winner!

  • Race: Terran Terran

RagnaroK (SHIN)

  • Race: Zerg Zerg

VOD

Have the link to the VOD?

Description

Time

  • Played on: Jan. 4, 2022, 8:47 a.m.
  • Length: 8:47
Show
View Real Time Build Order
Export as new Build Order

Liquidthermy Terran - Winner!

Build Orders: Hellion Opening, Reaper Expand, Mech 

Get SALT Encoding   

  12  0:00  SCV  
  13  0:12  SCV  
  14  0:17  Supply Depot  
  14  0:24  SCV  
  15  0:38  SCV  
  15  0:40  Barracks  
  16  0:43  Refinery  
  16  0:50  SCV  
  17  1:03  SCV  
  18  1:15  SCV  
  19  1:27  Reaper  
  19  1:28  Orbital Command  
  20  1:39  Command Center  
  20  1:50  Supply Depot  
  20  1:54  SCV  
  20  1:59  Marine  
  22  2:07  SCV  
  23  2:10  Factory  
  23  2:14  Refinery  
  23  2:19  SCV  
  23  2:21  Barracks Reactor  
  24  2:31  SCV  
  25  2:43  SCV  
  26  2:51  Orbital Command  
  26  2:54  Starport  
  26  3:00  Hellion x2  
  26  3:01  SCV  
  31  3:08  Barracks Tech Lab  
  31  3:10  Supply Depot  
  31  3:21  Hellion x2  
  37  3:29  Marauder  
  37  3:31  Viking  
  39  3:35  Concussive Shells  
  39  3:37  Supply Depot  
  39  3:43  Hellion x2  
  43  3:50  Marauder  
  43  3:55  Armory  
  45  4:03  Medivac  
  45  4:04  Hellion  
  45  4:05  Hellion  
  45  4:07  SCV  
  52  4:11  Marauder  
  54  4:17  SCV  
  54  4:19  SCV, Supply Depot  
  56  4:29  SCV  
  57  4:31  SCV  
  57  4:36  Marauder  
  57  4:37  Hellion  
  62  4:41  Hellion  
  62  4:42  Supply Depot  
  62  4:44  SCV  
  65  4:48  SCV  
  66  4:58  Marauder  
  68  5:01  Hellion  
  67  5:16  SCV, Hellion  
  65  5:21  SCV  
  65  5:22  Hellion  
  58  5:28  SCV  
  58  5:32  Command Center  
  58  5:33  SCV  
  58  5:37  Hellion  
  58  5:39  Marauder  
  58  5:40  SCV  
  63  5:46  SCV  
  58  5:51  Hellion  
  58  5:52  SCV  
  53  5:58  SCV  
  53  5:59  Hellion  
  53  6:01  Marauder  
  56  6:05  SCV  
  56  6:06  Starport Tech Lab  
  56  6:08  Factory  
  56  6:09  Refinery x2  
  56  6:10  SCV, Factory  
  58  6:12  Hellion  
  58  6:17  SCV, Supply Depot  
  61  6:21  Hellion  
  61  6:23  SCV  
  64  6:29  SCV  
  65  6:35  SCV  
  65  6:37  Starport Reactor, Supply Depot  
  65  6:38  Hellion  
  68  6:41  SCV  
  68  6:42  Hellion  
  71  6:47  SCV  
  71  6:53  SCV  
  73  6:57  Marine  
  73  7:00  SCV  
  75  7:01  Thor x2  
  75  7:05  SCV  
  75  7:06  Hellion x2  
  93  7:10  Orbital Command  
  93  7:13  Medivac x2  
  93  7:14  Marine  
  93  7:15  SCV  
  98  7:22  Supply Depot  
  98  7:24  Supply Depot  
  98  7:27  SCV x2, Factory x2  
  100  7:33  Engineering Bay  
  100  7:34  Hellion  
  100  7:37  Hellion  
  104  7:38  SCV  
  104  7:39  SCV  
  104  7:40  SCV  
  104  7:43  Supply Depot  
  107  7:49  Siege Tank  
  107  7:50  SCV  
  111  7:51  Siege Tank  
  111  7:56  SCV, Supply Depot  
  115  7:59  SCV  
  112  8:12  Factory Tech Lab  
  112  8:13  Factory Reactor  
  112  8:15  Hellion  
  105  8:20  Hellion  
  105  8:22  SCV  
  105  8:23  SCV  
  105  8:24  SCV  
  112  8:34  Refinery x2, SCV  
Show
View Real Time Build Order
Export as new Build Order

RagnaroK Zerg 

Build Orders: Hatch First 

Get SALT Encoding   

  12  0:00  Drone  
  13  0:12  Overlord  
  13  0:17  Drone  
  14  0:31  Drone x2  
  16  0:48  Hatchery  
  15  0:51  Drone  
  15  0:55  Drone  
  17  0:58  Drone  
  18  1:09  Extractor  
  17  1:13  Spawning Pool  
  17  1:16  Drone  
  17  1:19  Drone  
  18  1:28  Drone  
  19  1:40  Drone  
  20  1:50  Drone  
  21  2:00  Queen x2  
  21  2:01  Zergling x4  
  27  2:11  Overlord  
  27  2:15  Drone  
  28  2:19  Metabolic Boost  
  28  2:28  Hatchery  
  27  2:31  Drone  
  27  2:32  Drone  
  27  2:35  Drone  
  30  2:41  Drone  
  31  2:46  Queen  
  31  2:50  Overlord  
  33  2:55  Drone x2  
  33  2:57  Drone  
  36  3:10  Drone x5  
  41  3:18  Queen  
  41  3:19  Overlord  
  43  3:22  Overlord  
  43  3:26  Drone  
  44  3:35  Overlord  
  44  3:41  Drone x5  
  47  3:43  Queen  
  51  3:48  Overlord  
  51  3:49  Drone  
  51  3:54  Queen  
  54  3:56  Drone x2  
  54  4:00  Queen  
  58  4:07  Zergling x10  
  63  4:10  Overlord  
  63  4:16  Drone, Baneling Nest  
  63  4:21  Overlord  
  63  4:22  Drone  
  64  4:24  Queen  
  64  4:28  Drone  
  64  4:30  Drone x2  
  64  4:31  Spore Crawler  
  68  4:33  Drone  
  68  4:35  Spore Crawler  
  68  4:37  Drone  
  68  4:38  Drone  
  70  4:41  Spore Crawler  
  70  4:43  Zergling x8  
  73  4:47  Zergling x4  
  75  4:53  Zergling x8  
  78  5:00  Baneling x3  
  78  5:01  Baneling x5  
  78  5:03  Zergling x6  
  78  5:04  Zergling x2  
  76  5:09  Drone x4  
  76  5:13  Zergling x2, Queen  
  79  5:19  Drone  
  72  5:22  Zergling x10  
  72  5:26  Drone  
  72  5:29  Queen x2  
  72  5:31  Baneling x2  
  72  5:32  Baneling  
  72  5:33  Drone  
  74  5:36  Zergling x4  
  74  5:43  Zergling x4  
  74  5:49  Drone, Queen  
  73  5:53  Drone  
  73  5:54  Zergling x2  
  71  6:02  Zergling x2  
  71  6:04  Baneling x4  
  70  6:05  Drone x2, Queen x2  
  70  6:06  Extractor x2  
  70  6:10  Drone x4  
  78  6:15  Drone  
  78  6:18  Drone  
  80  6:20  Evolution Chamber x2  
  80  6:22  Baneling x2  
  80  6:25  Queen  
  80  6:26  Drone  
  80  6:27  Extractor, Drone x2  
  80  6:30  Hatchery  
  81  6:36  Zergling x8  
  85  6:40  Zergling x10  
  85  6:43  Lair  
  85  6:46  Overlord x3  
  90  6:55  Extractor  
  89  7:09  Drone x3  
  89  7:11  Zergling x2  
  89  7:12  Zergling x8  
  89  7:14  Baneling x4  
  97  7:16  Drone  
  97  7:17  Drone x5  
  97  7:21  Baneling x2  
  103  7:23  Queen  
  103  7:25  Zergling x2  
  103  7:26  Zergling x6  
  103  7:28  Drone  
  110  7:37  Zergling x2  
  110  7:38  Zergling x2  
  110  7:43  Overlord  
  112  7:46  Overseer  
  112  7:48  Drone x5  
  116  7:52  Hydralisk Den  
  116  7:53  Drone x4  
  116  7:54  Hatchery  
  116  7:57  Zergling x6  
  119  7:59  Baneling x4  
  119  8:00  Baneling x4  
  119  8:02  Queen  
  121  8:07  Zergling x12  
  115  8:13  Zergling x2  
  115  8:15  Zergling x2  
  115  8:16  Zergling x2  
  115  8:19  Zergling x2  
  103  8:20  Zergling x4  
  103  8:21  Zergling x2  
  103  8:22  Zergling x6  
  103  8:25  Zergling x2  
  103  8:26  Zergling x2  
  108  8:30  Zergling x10  
Tags
 
Add a new tag
Caveats
  • Supply blocks, unpowered buildings, or Contaminate may cause inaccurate times.
  • Supply counts are checked every 10 seconds.